 Dungeon Crawl Stone Soup version 0.30-a0-1122-g620db56ad9 (console) character file.

Game seed: 17495157915260396414

2345542 Banquo the Sorcerer (level 27, 221/221 HPs)
             Began as a Djinni Air Elementalist on Apr 22, 2023.
             Was the Champion of Cheibriados.
             Escaped with the Orb
             ... and 4 runes on Apr 24, 2023!
             The game lasted 07:08:59 (68266 turns).

Banquo the Sorcerer (Djinni Air Elementalist)      Turns: 68266, Time: 07:08:59

Health: 221/221    AC: 14    Str: 22    XL:     27
Gold:   6368       EV: 35    Int: 42    God:    Cheibriados [******] SH: 22 Dex: 33

rFire   + + +        a - staff of cold "Pedig" {rC+ Will+ Stlth+}
rCold   + + .        i - +5 kite shield {rC+}
rNeg    . . .        d - +4 troll leather armour {Snorg}
rPois   ∞            h - +2 helmet {SInv}
rElec   +            e - scarf {rC+ rF+}
rCorr   +            g - +2 pair of gloves
SInv    +            (boots unavailable)
Will    +++..        P - amulet of regeneration
Stlth   ++           s - +5 ring of evasion
HPRegen 2.16/turn    T - ring of the Distant Future {rElec rCorr}
MPRegen 0.00/turn

%: no passive effects
@: flying, studying 2 skills, very slow
A: sickness immunity, fire resistance 2, cold vulnerability 1, float, innate
caster, HP casting, extra vitality 1, deformed body, deterioration 1, inability
to drink after injury 1
0: Orb of Zot
}: 4/15 runes: decaying, slimy, silver, gossamer
a: Renounce Religion, Bend Time, Temporal Distortion, Slouch, Step From Time


You escaped.
You worshipped Cheibriados.
Cheibriados was exalted by your worship.
You visited 11 branches of the dungeon, and saw 53 of its levels.
You visited the Abyss 2 times.
You also visited: Bailey and Ice Cave.

You collected 7472 gold pieces.
You spent 1104 gold pieces at shops.

Inventory:

Hand Weapons
 b - a +9 vampiric quick blade
 c - a +1 quick blade of venom
 S - the +6 rapier "Rirphis" {freeze, rC+ rN+ Stlth+}
   (You bought it in a shop on level 3 of the Depths)

   rC:        It protects you from cold.
   rN:        It protects you from negative energy.
   Stlth:     It makes you more stealthy.
 V - a +5 antimagic rapier
Missiles
 f - 18 boomerangs
 v - a throwing net
Armour
 d - a +4 troll leather armour (worn) {Snorg}
 e - a scarf of resistance (worn)
 g - a +2 pair of gloves (worn)
 h - a +2 helmet of see invisible (worn)
 i - a +5 kite shield of cold resistance (worn)
 r - a +2 cloak of preservation
 y - a +1 helmet of intelligence
Magical Staves
 a - the staff of cold "Pedig" (weapon) {rC+ Will+ Stlth+}
   (You found it on level 3 of the Elven Halls)

   [staff of cold]

   Your inability to study Ice Magic prevents you from drawing on the full power
   of this staff in melee.
   Base accuracy: +5 Base damage: 5 Base attack delay: 1.2 This weapon's minimum
   attack delay (0.6) is reached at skill level 12.
   rC:        It protects you from cold.
   Will:      It increases your willpower.
   Stlth:     It makes you more stealthy.
   It falls into the 'Staves' category.
   It is a one-handed weapon.
 R - a staff of air
Jewellery
 j - a ring of positive energy
 p - a ring of willpower
 s - a +5 ring of evasion (left hand)
 t - a ring of resist corrosion
 P - an amulet of regeneration (around neck)
 T - the ring of the Distant Future (right hand) {rElec rCorr}
   (You took it off a deep elf high priest on level 3 of the Elven Halls)

   [ring of resist corrosion]

   rElec:     It insulates you from electricity.
   rCorr:     It protects you from acid and corrosion.
 W - a ring of wizardry
Wands
 k - a wand of mindburst (60)
 o - a wand of iceblast (64)
 A - a wand of quicksilver (47)
 D - a wand of digging (35)
Scrolls
 n - 11 scrolls of blinking
 u - 3 scrolls of enchant armour
 w - 10 scrolls of poison
 x - 5 scrolls of fear
 z - 11 scrolls of fog
 C - 3 scrolls of summoning
 H - 5 scrolls of silence
 N - 30 scrolls of teleportation
 Q - 9 scrolls of noise
Potions
 q - 23 potions of curing
 B - 6 potions of ambrosia
 E - 11 potions of heal wounds
 F - 2 potions of resistance
 I - 2 potions of invisibility
 J - 6 potions of cancellation
 K - 7 potions of brilliance
 L - 9 potions of might
 M - 14 potions of mutation
Miscellaneous
 l - a phantom mirror
 G - a box of beasts
 O - a lightning rod (4/4)


   Skills:
 - Level 25.0 Fighting
 + Level 8.6 Short Blades
 - Level 3.0 Maces & Flails
 - Level 8.0 Armour
 - Level 16.0 Dodging
 - Level 1.5 Stealth
 - Level 15.0 Shields
 - Level 26.0 Spellcasting
 - Level 13.0 Invocations


You knew the following spells:

 Your Spells              Type           Power      Damage    Failure   Level
a - Airstrike             Air            67%        2d(10-26) 0%          4
b - Statue Form           Tmut/Erth      89%        N/A       0%          6
c - Simulacrum            Ice/Necr       80%        N/A       0%          6
d - Static Discharge      Conj/Air       100%       2-7/arc   0%          2
e - Scorch                Fire           100%       2d9       0%          2
f - Shatter               Erth           67%        3d49*     1%          9
g - Gell's Gravitas       Tloc           100%       N/A       0%          3
k - Kiss of Death         Conj/Necr      100%       2d13      0%          1
m - Monstrous Menagerie   Summ           67%        N/A       0%          7
p - Polar Vortex          Ice            80%        N/A       1%          9
r - Shock                 Conj/Air       100%       1d9       0%          1
s - Sticky Flame          Conj/Fire      100%       2d11      0%          4
v - Vampiric Draining     Necr           100%       2d13      0%          3
x - Summon Horrible Thin  Summ           67%        N/A       1%          8
z - Ozocubu's Refrigerat  Ice            80%        4d25      0%          7
K - Blade Hands           Tmut           67%        N/A       0%          5
L - Swiftness             Air            100%       N/A       0%          3
Your spell library was empty.

Dungeon Overview and Level Annotations

Branches:
Dungeon (15/15)            Temple (1/1) D:5            Lair (5/5) D:8
  Swamp (4/4) Lair:2       Spider (4/4) Lair:2        Slime (5/5) Lair:5
    Orc (2/2) D:9             Elf (3/3) Orc:2        Vaults (5/5) D:14
  Crypt (0/3) Vaults:2     Depths (4/4) D:15            Zot (5/5) Depths:4
 Bailey (visited)           IceCv (visited)

Altars:
Ashenzari
Cheibriados
Dithmenos
Elyvilon
Fedhas
Gozag
Hepliaklqana
Makhleb
Nemelex Xobeh
Okawaru
Qazlal
Ru
Trog
Uskayaw
Wu Jian
Xom
Yredelemnul
Zin
The Shining One
Jiyva

Shops:
D:2 (   D:9 (   Orc:2 :[(=   Elf:1 (=   Vaults:1 (([   Vaults:2 *   Depths:1 :
Depths:3 (   Depths:4 *

Portals:
Hell: Depths:1 Depths:2 Depths:3 Depths:4
Abyss: Depths:1 Depths:3
Pandemonium: Depths:2 Depths:4
Ziggurat: Depths:4


Innate Abilities, Weirdness & Mutations

You are immune to sickness and miasma.
You are immune to poison.
Your flesh is very heat resistant. (rF++)
You are vulnerable to cold. (rC-)
You float through the air rather than walking.
You learn spells naturally, not from books.
Your magical power is your life essence.
You have superior vitality. (+4 MHP)
Armour fits poorly on your strangely shaped body.
Your body sometimes deteriorates upon taking damage.
You occasionally lose the ability to drink potions when taking damage.


Message History

There is an open door here.
An Orb Guardian comes into view.
Casting: Ozocubu's Refrigeration (safe; 0% risk of failure)
Confirm with . or Enter, or press ? or * to list all spells.
You feel a surge of power!
The heat is drained from your surroundings.
The Orb Guardian is severely wounded.
Casting: Ozocubu's Refrigeration (safe; 0% risk of failure)
Confirm with . or Enter, or press ? or * to list all spells.
You feel a surge of power!
The heat is drained from your surroundings.
You kill the Orb Guardian!
Cheibriados thoroughly appreciates the change of pace.
(D) Dungeon (T) Temple (L) Lair (S) Swamp (N) Spider Nest (M) Slime Pits (O) Orcish Mines (E) Elven Halls (V) Vaults (C) Crypt (U) Depths (H) Hell (Z) Zot
Where to? (* - list waypoints, Enter - D:1 @ (x,y), ? - help)
There is an open door here.
There is a staircase leading out of the dungeon here.
Annotate which branch? (. - D:1, ? - help, ! - show branch list)
Okay, then.
Done exploring.
Done exploring.
What are your orders? t - Shout!
Orders for allies: a - Attack new target. r - Retreat! s - Stop attacking. g - Guard the area. f - Follow me.
Anything else - Cancel.
Okay, then.
Unknown command.
Unknown command.
Unknown command.
Unknown command.
Annotate which branch? (. - D:1, ? - help, ! - show branch list)
Okay, then.
Enter note: woot!
Cheibriados Unknown command.
You have escaped!

####.####.....#######.#.##.######
...........................# #
........#.....#.#####.####.######
########......#..# #...........##
.###.###.###.###.###'###.#.###.##
#_#.#....'.....#.#......)#.###.#.
##.####..###.#+###'#.#'###.#...#.
.### ##.+.#.+.....+.#...#.#.#.#.
..# #.#.#.#..@..#.#.#.....#...
..# #.#.###..>..#+#.#.#.######
..# #.#.#.#.....#.#.#.#.......
#.# #.+.#.#.....#.#.+.........
#.# #.#'#.#######.#'#......###
#.# #.......+.†............# #.#
#.###.###.###.###......# #.#
#.........# #..##......# #.#
########### ##.........#


There were no monsters in sight!

Vanquished Creatures
  the Royal Jelly (Slime:5)
  3 dread liches (Zot:5)
  7 orbs of fire (Zot:5)
  Mara (Spider:3)
  the Lernaean hydra (Swamp:4)
  6 Killer Klowns
  Saint Roka (Depths:3)
  A caustic shrike (Depths:3)
  Xtahua (Depths:3)
  2 curse toes
  7 golden dragons
  2 Tzitzimimeh
  3 electric golems
  12 tentacled monstrosities
  A walking crystal tome (Depths:3)
  32 Orb Guardians
  A deep elf master archer (Elf:3)
  Asterion (Elf:3)
  2 liches
  4 quicksilver dragons
  4 titans
  A deep elf blademaster (Elf:3)
  20 acid blobs
  2 sphinxes
  An ancient champion (Vaults:2)
  A thorn hunter (Swamp:3)
  5 death cobs
  A tentacled starspawn (Abyss:3)
  Kirke (Elf:1)
  An Executioner (D:8)
  Agnes (Elf:1)
  14 storm dragons
  6 tengu reavers
  9 shadow dragons
  Donald (Vaults:1)
  11 draconian knights
  6 rockslimes
  8 draconian monks
  6 fire giants
  13 vault wardens
  7 draconian scorchers
  9 deep elf sorcerers
  4 azure jellies (Slime:5)
  Aizul (Elf:1)
  4 frost giants
  The ghost of Adeche Beuh the Destroyer, a journeyman DrCj of Qazlal (Spider:1)
  6 draconian stormcallers
  5 emperor scorpions
  9 ghost moths
  A cacodemon (Abyss:3)
  3 spriggan defenders
  3 deep elf elementalists
  Louise (D:14)
  The ghost of Deafoat the Quickloader, a journeyman GnHu of Hepliaklqana (D:15)
  9 quicksilver oozes (Slime:5)
  An angel (Depths:1)
  13 draconian shifters
  13 ironbound preservers
  10 draconian annihilators
  17 very ugly things
  10 green draconians
  12 stone giants
  2 broodmothers (Spider:4)
  2 war gargoyles (Vaults:5)
  6 deep elf demonologists
  6 ironbound thunderhulks
  6 eleionomae
  Nessos (D:13)
  A starcursed mass (Abyss:1)
  15 white draconians
  21 black draconians
  11 red draconians
  A bunyip (shapeshifter) (Vaults:5)
  10 yellow draconians
  10 deep elf annihilators
  3 bunyips
  Azrael (Spider:3)
  17 purple draconians
  4 dire elephants
  20 spark wasps
  7 deep elf death magi
  A crystal guardian (Vaults:2)
  A shambling mangrove (Swamp:4)
  Snorg (D:11)
  3 jiangshi (Depths:1)
  9 ettins
  7 deep elf high priests
  5 fire dragons
  17 yaktaur captains
  11 entropy weavers
  8 ice dragons
  8 great orbs of eyes
  Erolcha (D:11)
  An entropy weaver (shapeshifter) (Elf:1)
  A ghost crab (Swamp:2)
  25 hydras
  A peacekeeper (Vaults:1)
  6 ironbound frosthearts
  A jorogumo (Spider:2)
  4 ogre magi
  32 vault guards
  3 radroaches
  2 boulder beetles
  4 spriggan air magi
  13 two-headed ogres
  A death knight (D:15)
  2 catoblepae
  24 dancing weapons
  11 alligators
  6 tengu warriors
  12 centaur warriors
  6 deep troll shamans
  4 spriggan berserkers
  2 vampire magi
  6 death yaks (Lair:5)
  A thrashing horror (Abyss:1)
  4 deep troll earth magi
  A shock serpent (shapeshifter) (Vaults:1)
  The ghost of Zigma the Martial Artist, a novice OpMo of Yredelemnul (D:8)
  9 hell knights
  An orc high priest (D:15)
  2 iron trolls
  16 deep elf knights
  2 skeletal warriors (D:15)
  3 wretched stars
  12 orb spiders
  3 goliath frogs (Swamp:2)
  4 glowing orange brains
  36 deep trolls
  8 pharaoh ants
  3 spriggan druids
  16 swamp dragons
  A flayed ghost (Depths:4)
  An orange crystal statue (Zot:4)
  12 wizards
  15 deep elf archers
  11 lindwurms
  15 bog bodies
  2 phantasmal warriors (Vaults:5)
  A shadow dragon zombie (Vaults:5)
  2 human zombies (Vaults:5)
  10 orc knights
  5 steelbarb worms
  53 ugly things
  23 deep elf zephyrmancers
  4 harpies (Vaults:1)
  28 deep elf pyromancers
  An obsidian statue (Zot:4)
  12 necromancers
  22 wolf spiders
  17 ironbound convokers
  4 orc sorcerers
  6 shining eyes
  4 will-o-the-wisps
  2 worldbinders
  A salamander (Depths:4)
  7 oklob plants
  7 cyclopes
  A stone giant zombie (Vaults:5)
  A fire giant zombie (Vaults:4)
  14 elephants
  An elephant (shapeshifter) (Vaults:4)
  A salamander (shapeshifter) (Abyss:3)
  24 moths of wrath
  3 manticores
  A centaur zombie (D:15)
  24 demonic crawlers
  3 black mambas
  2 water nymphs (shapeshifter) (Vaults:5)
  2 ice statues (IceCv)
  A naga mage (D:15)
  A gargoyle (D:14)
  5 torpor snails
  An orange demon (Abyss:3)
  Maurice (D:8)
  19 vault sentinels
  An eye of devastation (Depths:4)
  2 centaur skeletons (D:15)
  8 cane toads
  11 komodo dragons
  2 hellions
  3 freezing wraiths (IceCv)
  A tormentor (Depths:4)
  3 tengu conjurers
  A kobold demonologist (D:11)
  28 yaktaurs
  4 ice devils (IceCv)
  An anaconda simulacrum (IceCv)
  2 ancient zymes
  3 red devils
  3 polar bears
  2 hellwings (Depths:4)
  13 trolls
  2 bloated husks
  6 meliai
  12 tyrant leeches
  A blink frog (shapeshifter) (Elf:2)
  A human simulacrum (Vaults:4)
  20 tarantellas
  9 hornets
  An ettin zombie (Vaults:5)
  11 blink frogs
  4 dream sheep (Lair:4)
  22 jumping spiders
  A stone giant simulacrum (Vaults:4)
  68 slime creatures
  17 culicivoras
  A shapeshifter (Abyss:3)
  2 wraiths
  2 dire elephant simulacra (IceCv)
  8 large abominations
  2 shadows
  6 water elementals
  3 air elementals
  6 wyverns
  5 basilisks
  15 spriggans
  A vampire (D:11)
  3 humans
  33 yaks
  9 golden eyes
  9 fire elementals
  4 hogs (Elf:1)
  3 chaos spawn
  A fire bat (Abyss:1)
  Menkaure (D:7)
  3 steam dragons
  55 redbacks
  A neqoxec (Depths:4)
  17 swamp worms
  4 harpy simulacra (IceCv)
  16 vampire mosquitoes
  8 wargs
  An acid dragon (D:9)
  3 small abominations
  Duvessa (D:6)
  11 water moccasins
  3 hydra simulacra (IceCv)
  4 floating eyes
  8 swamp drakes
  6 black bears
  37 orc warriors
  A sky beast (D:6)
  A black bear (shapeshifter) (D:14)
  An ice beast (shapeshifter) (D:10)
  9 wolves
  6 boggarts (Vaults:1)
  10 ogres
  24 centaurs
  3 phantoms
  3 kobold brigands
  15 bullfrogs
  4 earth elementals
  2 gnoll sergeants
  8 scorpions
  14 wights
  Dowan (D:6)
  5 killer bees (D:9)
  An elephant simulacrum (IceCv)
  2 vampire bats (Orc:2)
  2 howler monkeys (D:7)
  An electric eel (Lair:2)
  3 hounds
  An iron imp (Abyss:3)
  14 orc priests
  2 gnoll boudas
  5 jellies
  2 sleepcaps
  Crazy Yiuf (D:4)
  7 iguanas
  10 orc wizards
  3 lightning spires (Zot:4)
  2 spriggan simulacra (IceCv)
  7 hell rats (Lair:4)
  2 polar bear simulacra (IceCv)
  20 gnolls
  4 adders
  A shadow imp (D:7)
  3 white imps
  2 ufetubi
  5 worms
  A dart slug (D:4)
  71 orcs
  4 endoplasms
  3 giant cockroaches
  7 hobgoblins
  2 jackals (D:1)
  23 kobolds
  3 quokkas
  7 ball pythons
  10 bats
  5 frilled lizards
  3 goblins
  6 rats
  14 bushes
  2 fungi (Swamp:4)
  A plant (Depths:4)
2141 creatures vanquished.

Vanquished Creatures (collateral kills)
  A juggernaut (Depths:3)
  Parghit (Depths:3)
  A golden dragon (Depths:4)
  A bone dragon (Depths:4)
  A walking crystal tome (Depths:4)
  A walking frostbound tome (Depths:4)
  An ancient champion (Depths:4)
  4 acid blobs (Slime:5)
  A shadow dragon (Vaults:4)
  A storm dragon (Vaults:5)
  A rockslime (Slime:5)
  The ghost of FlurksSlurper the Carver, an adept DsBr of Gozag (Spider:2)
  7 frost giants
  An iron dragon (Depths:4)
  An orc warlord (Vaults:3)
  3 vault wardens
  2 ironbound preservers
  2 stone giants
  9 very ugly things
  A purple draconian (Depths:4)
  A yellow draconian (Depths:4)
  A deep elf death mage (Vaults:5)
  2 vault guards (Vaults:4)
  2 great orbs of eyes
  An ice dragon (Depths:4)
  A spriggan air mage (Depths:4)
  A peacekeeper (Vaults:2)
  A centaur warrior (Vaults:1)
  2 ironbound frosthearts
  2 dancing weapons (Elf:2)
  A deep troll shaman (Depths:4)
  2 spriggans (Depths:4)
  A soul eater (Depths:4)
  A sun demon (Depths:4)
  A salamander mystic (Depths:4)
  2 iron trolls
  4 skeletal warriors (Depths:4)
  A sixfirhy (Depths:4)
  5 deep trolls
  An orc knight (Vaults:3)
  An ironbound convoker (Vaults:3)
  A phantasmal warrior (Vaults:5)
  4 ugly things
  A large abomination (Abyss:3)
  2 salamanders (Depths:4)
  A rust devil (Depths:4)
  An elf skeleton (Vaults:4)
  2 yaktaur skeletons (Vaults:3)
  2 hornets (Depths:4)
  10 slime creatures
  An ogre zombie (Vaults:4)
  A human simulacrum (Vaults:3)
  3 bushes (Depths:2)
104 creatures vanquished.

Vanquished Creatures (others)
  A storm dragon (Zot:1)
  A slime creature (D:13)
  2 humans
  12 bushes (Depths:2)
  2 foxfires (Swamp:4)
  92 fungi
  137 plants
  4 starspawn tentacles (Abyss:3)
  4 toadstools (Depths:4)
255 creatures vanquished.

Grand Total: 2500 creatures vanquished

Notes
Turn   | Place    | Note
-------+----------+-------------------------------------------
     0 | D:1      | Banquo the Djinni Air Elementalist began the quest for the
                  | Orb.
     0 | D:1      | Banquo set off with the following spells memorised: Shock,
                  | Static Discharge, Swiftness, Airstrike.
     0 | D:1      | Reached XP level 1. HP: 15/15 MP: 0/0
   256 | D:1      | Reached XP level 2. HP: 22/22 MP: 0/0
   803 | D:1      | Found a faded altar of an unknown god.
  1325 | D:2      | Reached skill level 3 in Spellcasting
  1328 | D:2      | Reached XP level 3. HP: 20/26 MP: 0/0
  1328 | D:2      | Learned a level 1 spell: Kiss of Death
  1398 | D:2      | Reached skill level 1 in Fighting
  1855 | D:2      | Found Jebbusod's Weapon Shoppe.
  2100 | D:3      | Reached XP level 4. HP: 26/32 MP: 0/0
  2252 | D:3      | Found a glowing silver altar of Zin.
  2931 | D:4      | Found a hide-covered altar of Uskayaw.
  3109 | D:4      | Noticed a phantom
  3198 | D:4      | Reached XP level 5. HP: 34/38 MP: 0/0
  3198 | D:4      | Learned a level 2 spell: Scorch
  3265 | D:4      | Reached skill level 4 in Spellcasting
  3549 | D:4      | Identified the +10 hammer of Lozxof {flame, *Noise rN+
                  | Dex+2}
  3560 | D:4      | Found a runed translucent door.
  3561 | D:4      | Noticed Crazy Yiuf
  3744 | D:4      | Reached XP level 6. HP: 35/44 MP: 0/0
  4207 | D:5      | Entered Level 5 of the Dungeon
  4280 | D:5      | Reached skill level 5 in Spellcasting
  4280 | D:5      | Reached XP level 7. HP: 38/49 MP: 0/0
  4280 | D:5      | Learned a level 3 spell: Gell's Gravitas
  4695 | D:5      | Noticed a human
  4696 | D:5      | Killed a human
  4876 | D:5      | Found a staircase to the Ecumenical Temple.
  4884 | Temple   | Entered the Ecumenical Temple
  4891 | Temple   | Became a worshipper of Cheibriados the Contemplative
  5149 | D:5      | Reached skill level 6 in Spellcasting
  5149 | D:5      | Reached XP level 8. HP: 52/56 MP: 0/0
  5352 | D:6      | Noticed Dowan
  5391 | D:6      | Noticed Duvessa
  5396 | D:6      | Killed Duvessa
  5506 | D:6      | Killed Dowan
  5676 | D:6      | Reached skill level 7 in Spellcasting
  5831 | D:6      | Reached * piety under Cheibriados
  5859 | D:6      | Reached XP level 9. HP: 59/63 MP: 0/0
  5859 | D:6      | Learned a level 3 spell: Vampiric Draining
  5869 | D:6      | Reached skill level 8 in Spellcasting
  6125 | D:6      | Found a burning altar of Makhleb.
  6385 | D:6      | Found a shadowy altar of Dithmenos.
  6385 | D:6      | Found a basalt altar of Yredelemnul.
  6546 | D:7      | Reached skill level 5 in Fighting
  6679 | D:7      | Noticed Menkaure
  6682 | D:7      | Killed Menkaure
  6683 | D:7      | Reached skill level 1 in Invocations
  6787 | D:7      | Reached skill level 1 in Armour
  7101 | D:7      | Reached ** piety under Cheibriados
  7549 | D:7      | Reached XP level 10. HP: 35/70 MP: 0/0
  7705 | D:8      | Reached skill level 9 in Spellcasting
  7847 | D:8      | Found a bloodstained altar of Trog.
  7881 | D:8      | Noticed Maurice
  7887 | D:8      | Killed Maurice
  8030 | D:8      | Reached *** piety under Cheibriados
  8439 | D:8      | Found a staircase to the Lair.
  8575 | D:8      | Reached skill level 10 in Spellcasting
  8647 | D:8      | Found a broken altar of Ashenzari.
  8717 | D:8      | Reached XP level 11. HP: 72/76 MP: 0/0
  8717 | D:8      | Learned a level 4 spell: Sticky Flame
  8885 | D:8      | Noticed a cyan ugly thing
  8889 | D:8      | Killed a cyan ugly thing
  9088 | D:8      | Found a runed translucent gate.
  9088 | D:8      | Found a runed translucent gate.
  9089 | D:8      | Found a runed translucent gate.
  9090 | D:8      | Noticed Zigma's ghost (novice OpMo)
  9245 | D:9      | Reached skill level 5 in Dodging
  9245 | D:9      | Reached **** piety under Cheibriados
  9731 | D:9      | Found Nuonoch's Antique Weapon Shop.
  9833 | D:9      | Reached skill level 1 in Shields
 10198 | D:9      | Found a staircase to the Orcish Mines.
 10408 | D:9      | Reached ***** piety under Cheibriados
 10807 | Lair:1   | Entered Level 1 of the Lair of Beasts
 10807 | Lair:1   | You are sucked into a shaft and drop 1 floor!
 10945 | Lair:1   | Reached skill level 11 in Spellcasting
 11328 | Lair:1   | Reached skill level 1 in Maces & Flails
 11382 | Lair:1   | Identified the +3 leather armour "Epta" {-Cast rF++ rN+++
                  | Int-4}
 11439 | Lair:1   | Noticed a catoblepas
 11446 | Lair:1   | Killed a catoblepas
 11869 | Lair:2   | Reached XP level 12. HP: 78/85 MP: 0/0
 12013 | Lair:2   | Reached skill level 5 in Invocations
 12421 | Lair:2   | Found a hole to the Spider Nest.
 12888 | Lair:2   | Found a staircase to the Swamp.
 13809 | Lair:3   | Found a blossoming altar of Fedhas.
 13931 | Lair:3   | Reached skill level 12 in Spellcasting
 14836 | Lair:4   | Reached ****** piety under Cheibriados
 14837 | Lair:4   | Reached XP level 13. HP: 53/92 MP: 0/0
 14837 | Lair:4   | Learned a level 5 spell: Blade Hands
 15700 | Lair:5   | Entered Level 5 of the Lair of Beasts
 15946 | Lair:5   | Noticed an eight-headed hydra
 15952 | Lair:5   | Killed an eight-headed hydra
 15953 | Lair:5   | Reached skill level 5 in Shields
 16319 | Lair:5   | Reached skill level 13 in Spellcasting
 16424 | Lair:5   | Found a viscous altar of Jiyva.
 16909 | Lair:5   | Found a staircase to the Slime Pits.
 17468 | Lair:5   | Reached XP level 14. HP: 32/99 MP: 0/0
 17918 | Lair:5   | Noticed a dire elephant
 17926 | Lair:5   | Killed a dire elephant
 17999 | Lair:5   | Identified the +3 ring mail of Wuzurch {Dex+3}
 18612 | D:10     | Entered Level 10 of the Dungeon
 18730 | D:10     | Found a flagged portal.
 18747 | Bailey   | Entered a bailey
 18849 | Bailey   | Reached skill level 14 in Spellcasting
 19305 | D:10     | Found an iron altar of Okawaru.
 19893 | D:11     | Noticed Erolcha
 19893 | Abyss:1  | Cast into level 1 of the Abyss (Erolcha)
 20172 | Abyss:1  | Noticed a deep elf sorcerer
 20175 | Abyss:1  | Killed a deep elf sorcerer
 20522 | Abyss:1  | Found a corrupted altar of Lugonu.
 20569 | Abyss:1  | Found a runed translucent gate.
 20570 | Abyss:1  | Found a runed translucent gate.
 20579 | Abyss:1  | Found a corrupted altar of Lugonu.
 20634 | Abyss:1  | Found a corrupted altar of Lugonu.
 20643 | Abyss:1  | Found a runed translucent gate.
 20661 | Abyss:1  | Noticed a starcursed mass
 20721 | Abyss:1  | Found a corrupted altar of Lugonu.
 20734 | Abyss:1  | Noticed a starcursed mass
 20742 | Abyss:1  | Killed a starcursed mass
 20748 | D:11     | Escaped the Abyss
 20755 | D:11     | Killed Erolcha
 20973 | D:11     | Noticed Snorg
 20983 | D:11     | Killed Snorg
 20984 | D:11     | Reached skill level 10 in Fighting
 21673 | D:12     | Reached XP level 15. HP: 99/107 MP: 0/0
 21673 | D:12     | Learned a level 6 spell: Statue Form
 21774 | D:12     | Found a frozen archway.
 21863 | IceCv    | Entered an ice cave
 22541 | D:12     | Reached skill level 15 in Spellcasting
 23488 | Orc:1    | Entered Level 1 of the Orcish Mines
 24034 | Orc:2    | Entered Level 2 of the Orcish Mines
 24748 | Orc:2    | Found Uhuraz's Armour Boutique.
 24748 | Orc:2    | Found Beifaca's Weapon Emporium.
 24748 | Orc:2    | Found Qodd's Jewellery Shoppe.
 24751 | Orc:2    | Found Madoog's Book Shop.
 24968 | Orc:2    | Found a staircase to the Elven Halls.
 25541 | D:13     | Identified the +1 sling "Pesineolay" {elec, Stlth+}
 26134 | D:13     | Noticed Nessos
 26140 | D:13     | Killed Nessos
 26294 | D:14     | Reached XP level 16. HP: 91/115 MP: 0/0
 26921 | D:14     | Found a gate to the Vaults.
 27072 | D:14     | Reached skill level 16 in Spellcasting
 27114 | D:14     | Noticed Louise
 27119 | D:14     | Killed Louise
 27166 | D:14     | You are sucked into a shaft and drop 1 floor!
 27166 | D:15     | Entered Level 15 of the Dungeon
 27805 | D:15     | Found a runed translucent gate.
 27806 | D:15     | Found a runed translucent gate.
 27807 | D:15     | Noticed Deafoat's ghost (journeyman GnHu)
 27807 | D:15     | Found a runed translucent gate.
 27809 | D:15     | Identified the +10 plate armour "Dynon" {rCorr Str-3 Int+3}
 27985 | D:15     | Found Zin's Purification Station.
 27990 | D:15     | Found a glowing silver altar of Zin.
 28151 | D:15     | Found a staircase to the Depths.
 28705 | D:4      | Killed Crazy Yiuf
 28848 | D:8      | Killed Zigma's ghost
 29183 | Spider:1 | Entered Level 1 of the Spider Nest
 29216 | Spider:1 | Reached XP level 17. HP: 110/121 MP: 0/0
 29216 | Spider:1 | Learned a level 7 spell: Ozocubu's Refrigeration
 29446 | D:15     | Reached skill level 10 in Invocations
 29575 | D:15     | Killed Deafoat's ghost
 29955 | Lair:2   | Reached skill level 10 in Dodging
 30077 | Lair:2   | Found a hole to the Spider Nest.
 30550 | Lair:2   | Found a staircase to the Swamp.
 30927 | Spider:1 | Found a runed translucent gate.
 30937 | Spider:1 | Found a runed translucent gate.
 30942 | Spider:1 | Found a runed translucent gate.
 30942 | Spider:1 | Noticed Adeche Beuh's ghost (journeyman DrCj)
 31000 | Spider:1 | Identified the +10 rapier "Zoxie" {chaos, *Rage rF+ rC++
                  | Dex+2}
 31539 | Spider:2 | Reached skill level 17 in Spellcasting
 31831 | Spider:2 | Reached skill level 10 in Shields
 31869 | Spider:2 | You are sucked into a shaft and drop 1 floor!
 31869 | Spider:3 | Noticed Azrael
 31871 | Spider:3 | Killed Azrael
 32305 | Spider:3 | Reached XP level 18. HP: 115/130 MP: 0/0
 32305 | Spider:3 | Noticed Mara
 32311 | Spider:3 | Killed Mara
 32330 | Spider:3 | Found a runed translucent door.
 32671 | Spider:3 | Noticed FlurksSlurper's ghost (adept DsBr)
 32873 | Swamp:1  | Entered Level 1 of the Swamp
 32936 | Swamp:1  | Reached skill level 18 in Spellcasting
 33681 | Swamp:2  | Identified the +1 robe of Prudence {rC+ Int+4}
 34388 | Swamp:3  | Reached XP level 19. HP: 127/137 MP: 0/0
 34388 | Swamp:3  | Learned a level 6 spell: Simulacrum
 34603 | Swamp:4  | Entered Level 4 of the Swamp
 34942 | Swamp:4  | Reached skill level 19 in Spellcasting
 35018 | Swamp:4  | Found the +16 obsidian axe {drain, demonic, Mesm Drain Fly
                  | SInv}
 35367 | Swamp:4  | Identified the +1 long sword "Syrphar" {flame, rCorr Str+4}
 35400 | Swamp:4  | Noticed the 27-headed Lernaean hydra
 35406 | Swamp:4  | Killed the 27-headed Lernaean hydra
 35455 | Swamp:4  | Got a decaying rune of Zot
 35774 | Elf:1    | Entered Level 1 of the Elven Halls
 35863 | Elf:1    | Found Ijero's Jewellery Boutique.
 36037 | Elf:1    | Noticed Aizul
 36041 | Elf:1    | Killed Aizul
 36160 | Elf:1    | Found Ridifey's Antique Weapon Shoppe.
 36331 | Elf:1    | Reached XP level 20. HP: 135/145 MP: 0/0
 36356 | Elf:1    | Noticed Kirke
 36361 | Elf:1    | Killed Kirke
 36539 | Elf:1    | Noticed Agnes
 36543 | Elf:1    | Killed Agnes
 37126 | Elf:2    | Found a huge runed translucent gate.
 37126 | Elf:2    | Found a huge runed translucent gate.
 37126 | Elf:2    | Found a huge runed translucent gate.
 37127 | Elf:2    | Found a huge runed translucent gate.
 37128 | Elf:2    | Found a huge runed translucent gate.
 37197 | Elf:2    | Reached skill level 20 in Spellcasting
 37355 | Elf:2    | Identified the +0 falchion of the Jester {flame, Drain
                  | Str+4 Int+5 Dex+4}
 38388 | Elf:3    | Entered Level 3 of the Elven Halls
 38388 | Elf:3    | Noticed Asterion
 38393 | Elf:3    | Killed Asterion
 39304 | Elf:3    | Identified the +5 battleaxe of Malaise {drain, rF+ rC+}
 39644 | Abyss:3  | Found a corrupted altar of Lugonu.
 39644 | Abyss:3  | Cast into level 3 of the Abyss (a deep elf sorcerer)
 39652 | Abyss:3  | Found a corrupted altar of Lugonu.
 39656 | Abyss:3  | Found a corrupted altar of Lugonu.
 39708 | Abyss:3  | Reached XP level 21. HP: 143/153 MP: 0/0
 39708 | Abyss:3  | Learned a level 7 spell: Monstrous Menagerie
 39890 | Abyss:3  | Noticed an ancient lich
 39924 | Abyss:3  | Gained mutation: Armour fits poorly on your strangely
                  | shaped body. [a cacodemon]
 40018 | Elf:3    | Escaped the Abyss
 40163 | Elf:3    | Reached skill level 21 in Spellcasting
 40334 | Elf:3    | Identified the ring of the Distant Future {rElec rCorr}
 41016 | Elf:3    | Identified the staff of fire "Wutidadi" {rF+ Stlth+}
 41021 | Elf:3    | Identified the staff of fire "Zuacagum" {rF+ rN+++ Int+7}
 41024 | Elf:3    | Identified the staff of cold "Pedig" {rC+ Will+ Stlth+}
 41042 | Elf:3    | Identified the +7 morningstar "Fijer" {flame, rPois rC+}
 41066 | Elf:3    | Identified the +4 sling "Bourief" {drain, Will- rCorr Int+6
                  | Dex+2 Stlth+}
 41400 | Spider:4 | Entered Level 4 of the Spider Nest
 42476 | Spider:4 | Reached skill level 5 in Armour
 42546 | Spider:4 | Identified the +0 hat of Viny Leaves {-Tele Regen+ Dex+2}
 42599 | Spider:4 | Got a gossamer rune of Zot
 43113 | Spider:1 | Killed Adeche Beuh's ghost
 43209 | Spider:2 | Killed FlurksSlurper's ghost
 43906 | Vaults:1 | Entered Level 1 of the Vaults
 44101 | Vaults:1 | Reached skill level 15 in Fighting
 44107 | Vaults:1 | Reached XP level 22. HP: 79/161 MP: 0/0
 44204 | Vaults:1 | Found Jipnosun's Antique Armour Emporium.
 44502 | Vaults:1 | Found Eclieppi's Antique Weapon Shoppe.
 44506 | Vaults:1 | Bought a steaming dagger for 203 gold pieces
 44506 | Vaults:1 | Identified the +0 dagger of Success {heavy, rElec Will+
                  | Str-5 Dex+5} (You bought it in a shop on level 1 of the
                  | Vaults)
 44721 | Vaults:1 | Noticed Donald
 44725 | Vaults:1 | Killed Donald
 45291 | Vaults:1 | Found Nukirepa's Antique Weapon Emporium.
 45734 | Vaults:2 | You are sucked into a shaft and drop 1 floor!
 45997 | Vaults:3 | Reached skill level 22 in Spellcasting
 46832 | Vaults:2 | Found a staircase to the Crypt.
 46969 | Vaults:2 | Found Bubreago's Assorted Antiques.
 47741 | Vaults:3 | Reached XP level 23. HP: 143/168 MP: 0/0
 47741 | Vaults:3 | Learned a level 8 spell: Summon Horrible Things
 49123 | Vaults:4 | Reached skill level 15 in Shields
 50055 | Vaults:4 | Reached skill level 15 in Dodging
 50554 | Depths:1 | Entered Level 1 of the Depths
 50589 | Depths:1 | Found a gateway to Hell.
 50956 | Depths:1 | Identified the +12 whip "Erhob" {pain, Fly rC+ Str+3}
 50979 | Depths:1 | Found a one-way gate to the infinite horrors of the Abyss.
 51024 | Depths:1 | Found Zausu's Book Shoppe.
 51143 | Depths:1 | Found a hazy altar of Hepliaklqana.
 51232 | Depths:2 | You are sucked into a shaft and drop 1 floor!
 51232 | Depths:3 | Noticed a caustic shrike
 51235 | Depths:3 | Killed a caustic shrike
 51300 | Depths:3 | Noticed a juggernaut
 51308 | Depths:3 | Killed a juggernaut
 51309 | Depths:3 | Reached XP level 24. HP: 154/181 MP: 0/0
 51438 | Depths:3 | Noticed Parghit
 51462 | Depths:3 | Killed Parghit
 51512 | Depths:3 | Found Viloysk's Antique Weapon Boutique.
 51519 | Depths:3 | Bought a crystal rapier for 405 gold pieces
 51519 | Depths:3 | Identified the +6 rapier "Rirphis" {freeze, rC+ rN+ Stlth+}
                  | (You bought it in a shop on level 3 of the Depths)
 51780 | Depths:2 | Found a one-way gate leading to the halls of Pandemonium.
 53102 | Depths:3 | Noticed a golden dragon
 53102 | Depths:3 | Identified the ring "Zocauhat" {Fly rPois rCorr Slay-5}
 53217 | Depths:3 | Noticed Xtahua
 53220 | Depths:3 | Killed Xtahua
 53298 | Depths:3 | Found the +6 lightning scales {swift, rElec}
 53561 | Depths:3 | Killed a golden dragon
 53763 | Depths:3 | Noticed Saint Roka
 53770 | Depths:3 | Killed Saint Roka
 54176 | Depths:4 | Entered Level 4 of the Depths
 54463 | Depths:4 | Found a one-way gateway to a ziggurat.
 54464 | Depths:4 | Paralysed by a floating eye for 3 turns
 54946 | Depths:4 | Reached skill level 23 in Spellcasting
 54968 | Depths:4 | Reached XP level 25. HP: 76/189 MP: 0/0
 54968 | Depths:4 | Learned a level 9 spell: Polar Vortex
 55125 | Depths:4 | Found Big Baal Hell's Store.
 55384 | Depths:4 | Found a gate to the Realm of Zot.
 56003 | Slime:1  | Entered Level 1 of the Pits of Slime
 56396 | Slime:5  | Entered Level 5 of the Pits of Slime
 56551 | Slime:5  | Noticed the Royal Jelly
 56561 | Slime:5  | Killed the Royal Jelly
 56957 | Slime:5  | Identified the +7 great sword "Maecuj" {freeze, Int-2
                  | Dex+6}
 56971 | Slime:5  | Got a slimy rune of Zot
 57043 | Slime:5  | Identified the +6 broad axe of Benevolence {drain, rElec
                  | rF- rC+ rCorr}
 57893 | Vaults:5 | Entered Level 5 of the Vaults
 57897 | Vaults:5 | Reached skill level 24 in Spellcasting
 57901 | Vaults:5 | Reached XP level 26. HP: 189/200 MP: 0/0
 58051 | Vaults:5 | Identified the +1 robe of the Depths {rElec rF- Dex+2 SInv}
 58086 | Vaults:5 | Identified the +2 robe of Classification {+Inv rElec rPois
                  | Slay-6}
 58221 | Vaults:5 | Identified the ring of Nyrph {Fly Str+2 Stlth+}
 58519 | Vaults:5 | Got a silver rune of Zot
 58918 | Vaults:5 | Identified the +2 mace "Xeoj" {vamp, rC+}
 59061 | Vaults:5 | Identified the +1 arbalest of Trauma {penet, Contam rC+++
                  | Will++ Int+3}
 59195 | Vaults:5 | Reached skill level 1 in Short Blades
 59811 | D:15     | Bought a potion of curing for 90 gold pieces
 59975 | Vaults:2 | Bought a potion of brilliance for 112 gold pieces
 59975 | Vaults:2 | Bought a scroll of enchant armour for 210 gold pieces
 59975 | Vaults:2 | Bought a scroll of teleportation for 84 gold pieces
 60368 | Zot:1    | Entered Level 1 of the Realm of Zot
 60592 | Zot:1    | Reached skill level 25 in Spellcasting
 60693 | Zot:1    | Reached XP level 27. HP: 190/207 MP: 0/0
 60693 | Zot:1    | Learned a level 9 spell: Shatter
 61470 | Zot:1    | Reached skill level 5 in Short Blades
 64727 | Zot:4    | Noticed a Killer Klown
 64730 | Zot:4    | Killed a Killer Klown
 65524 | Zot:5    | Entered Level 5 of the Realm of Zot
 65795 | Zot:5    | Noticed a Killer Klown
 65806 | Zot:5    | Killed a Killer Klown
 66155 | Zot:5    | Noticed an orb of fire
 66160 | Zot:5    | Killed an orb of fire
 66245 | Zot:5    | Noticed an orb of fire
 66252 | Zot:5    | Gained mutation: Your body sometimes deteriorates upon
                  | taking damage. [an orb of fire]
 66253 | Zot:5    | Killed an orb of fire
 66271 | Zot:5    | Noticed an orb of fire
 66297 | Zot:5    | Gained mutation: You occasionally lose the ability to drink
                  | potions when taking damage. [an orb of fire]
 66299 | Zot:5    | Killed an orb of fire
 66304 | Zot:5    | Noticed a Killer Klown
 66312 | Zot:5    | Killed a Killer Klown
 66410 | Zot:5    | Noticed an orb of fire
 66697 | Zot:5    | Noticed a Killer Klown
 66701 | Zot:5    | Killed a Killer Klown
 66867 | Zot:5    | Noticed a Killer Klown
 66872 | Zot:5    | Killed a Killer Klown
 66910 | Zot:5    | Noticed an orb of fire
 66910 | Zot:5    | Noticed an orb of fire
 66910 | Zot:5    | Noticed an orb of fire
 66916 | Zot:5    | Killed an orb of fire
 66917 | Zot:5    | Killed an orb of fire
 66917 | Zot:5    | Killed an orb of fire
 66966 | Zot:5    | Killed an orb of fire
 66968 | Zot:5    | Noticed a dread lich
 66973 | Zot:5    | Killed a dread lich
 66974 | Zot:5    | Noticed a dread lich
 66977 | Zot:5    | Killed a dread lich
 67059 | Zot:5    | Noticed a dread lich
 67060 | Zot:5    | Reached skill level 26 in Spellcasting
 67062 | Zot:5    | Killed a dread lich
 67173 | Zot:5    | Noticed a Killer Klown
 67177 | Zot:5    | Killed a Killer Klown
 67762 | Zot:5    | Got the Orb of Zot
 67894 | Depths:4 | Noticed Bykupt the pandemonium lord
 68265 | D:1      | woot! Cheibriados
 68266 | D:$      | Escaped with the Orb!

Illustrated notes

####.####.....#######.#.##.######
...........................# #
........#.....#.#####.####.######
########......#..# #...........##
.###.###.###.###.###'###.#.###.##
#_#.#....'.....#.#......)#.###.#.
##.####..###.#+###'#.#'###.#...#.
.### ##.+.#.+.....+.#...#.#.#.#.
..# #.#.#.#..@..#.#.#.....#...
..# #.#.###..>..#+#.#.#.######
..# #.#.#.#.....#.#.#.#.......
#.# #.+.#.#.....#.#.+.........
#.# #.#'#.#######.#'#......###
#.# #.......+.†............# #.#
#.###.###.###.###......# #.#
#.........# #..##......# #.#
########### ##.........#


Turn 68265 on D:1: woot! Cheibriados

Levels and vault maps discovered:
D:1:      shiori_arrival_maze, layout_basic, chequers_ecumenical_altar_twisty,
          supply_closet_lemuel, st_stairs_7, due_unseen_surprise
D:2:      layout_basic, serial_shops, nicolae_shop_tiny_waterfront
D:3:      layout_loops_ring, lemuel_tele_altar
D:4:      cheibrodos_old_hovel, layout_layer_cave, mainiacjoe_overflow_catwalk,
          chequers_serial_rivers_micro_b, uniq_crazy_yiuf_cottage
D:5:      layout_loops_ring, tgw_kikubaaqudgha, minmay_temple_entry_fiery
D:6:      layout_cave_pools, mainiacjoe_overflow_small_starburst,
          gammafunk_temple_overflow_statue, centaur_isle, uniq_duvessa
D:7:      layout_rooms, st_stairs_14, chequers_avenue, uniq_menkaure
D:8:      layout_cave_pods, trog_three_pillars_becter,
          gammafunk_temple_overflow_wave, due_lair_maze_entry_diamond,
          gammafunk_ghost_spectres, uniq_maurice
D:9:      minmay_goldmine, layout_long_grid, minmay_orc_entry_guard_dogs,
          serial_shops, nicolae_shop_tiny_statue_garden
D:10:     layout_basic, okawaru_humans, enter_bailey_4, minmay_lizard_king
D:11:     layout_long_grid, uniq_snorg, uniq_erolcha
D:12:     layout_basic, portal_ice_cave_entry_pillars_2,
          hellmonk_guarded_unrand_dark_maul
D:13:     layout_basic, uniq_nessos
D:14:     layout_roguey, grunt_vaults_entry_fortified, dk_noncrumbling_3,
          uniq_louise
D:15:     grunt_enter_depths_magical_seal, layout_loops_ring,
          biasface_ghost_orc_armoury, minmay_misc_feat_columns,
          chequers_serial_rivers_micro_a, zin_purify
Temple:   nicolae_temple_no_exploring_needed
Lair:1:   layout_hall_layers
Lair:2:   layout_cave_pods, nicolae_swamp_entry_splash_gauntlet,
          nicolae_spider_entry_non_spiders, grunt_megastairs_2
Lair:3:   layout_hall_layers, hangedman_tree_tricks, nicolae_lair_lindhole
Lair:4:   layout_gridlike, nicolae_lair_lil_pond
Lair:5:   grunt_lair_end_beastmaster, layout_regular_city,
          minmay_slime_entry_pillars, hangedman_lair_unloving_vines
Swamp:1:  layout_basic_swamp, nicolae_swamp_oxbows, swamp_pool2
Swamp:2:  layout_basic_swamp, evilmike_swamp_ruin_house_6
Swamp:3:  layout_basic_swamp, nicolae_swamp_fairy_circle, swamp_pool2
Swamp:4:  grunt_swamp_rune_castle, layout_basic_swamp, swamp_pool4,
          evilmike_swamp_ruin_rubble_2, infiniplex_staircase_pool
Spider:1: layout_spider_delve, ebering_ghost_rock_garden, worms_lemuel
Spider:2: layout_spider_delve
Spider:3: layout_spider_delve, ebering_ghost_inner_flame, uniq_mara, uniq_azrael
Spider:4: guppyfry_spider_rune
Slime:1:  layout_caves
Slime:2:  layout_caves
Slime:3:  layout_caves
Slime:4:  layout_caves
Slime:5
Orc:1:    layout_caves
Orc:2:    st_orc_rangers, layout_caves, roderic_batcave
Elf:1:    eino_elf_arrival_customs, layout_loops_corners, serial_shops, shop,
          shop, minivault_28, uniq_kirke, uniq_aizul, uniq_agnes
Elf:2:    elven_hall_of_blades_hangedman_alternative
          [nicolae_blade_entry_sentries_behind_glass], layout_geoelf_diagonals
Elf:3:    minmay_elf_hall_curves, layout_geoelf_octagon, uniq_asterion
Vaults:1: nicolae_vaults_what_the_h, ontoclasm_vaults_chip,
          ontoclasm_vaults_tryst, nicolae_vaults_shelves_hall, v_misc_32,
          vaults_room_fancy_cross, vaults_dpeg_ring, vaults_mumra_minichess,
          layout_vaults_omnigrid, serial_shops, nicolae_shop_peninsula,
          nicolae_shop_pleasant_corner_grove, shop, uniq_donald
Vaults:2: nicolae_vaults_gold_heap, ontoclasm_vaults_loading_screen,
          minmay_crypt_entry_simple_sparse, nicolae_vaults_diagonal_hallway_6,
          hangedman_vaults_locks, nicolae_vaults_ninety_degrees,
          grunt_vaults_hallway_long, v_misc_9, v_rooms_5,
          hangedman_vaults_corner_blocks, ontoclasm_vaults_decontamination,
          nicolae_vaults_shelves_hall, nicolae_vaults_puzzle_piece,
          layout_vaults_big_cross, serial_shops, shop
Vaults:3: grunt_vaults_bifocal, v_misc_19, v_pattern_1, nicolae_vaults_alarming,
          nicolae_vaults_border_crossing, ontoclasm_vaults_bender, v_misc_27,
          nicolae_vaults_big_angled_halls, v_misc_31, v_rooms_4,
          layout_vaults_maze_bifur
Vaults:4: v_misc_8, nicolae_vaults_circle_grid_a, grunt_vaults_hallway_long,
          vaults_dpeg_doors, nicolae_vaults_display_case,
          ontoclasm_vaults_hangar, ontoclasm_vaults_fault, v_misc_10,
          nicolae_vaults_little_squares_4, vaults_room_hallway,
          nicolae_vaults_mini_display_case, hangedman_vaults_capsules,
          vaults_room_hallway, nicolae_vaults_little_squares_3,
          vaults_room_fours, layout_vaults_chaotic_city
Vaults:5
Depths:1: layout_cave_shapes, hell_entry, hangedman_abyss_entry_splay,
          serial_shops, nicolae_book_shop_shelving, minmay_misc_feat_enclosed,
          nzn_hepliaklqana_mist_gate
Depths:2: nicolae_BIG_FREAKIN_CUBE, layout_gridlike, minmay_hedge_maze,
          pf_vacation_house_of_asmodeus, pan_entry
Depths:3: minmay_octo_star, layout_basic, hell_entry, serial_shops, shop,
          abyss_entry, minmay_mirror_moons_of_madness, uniq_saint_roka,
          uniq_xtahua, uniq_parghit
Depths:4: grunt_zot_entry_tricorne, layout_gridlike, enter_ziggurat_d,
          grunt_pan_entry_sceptre, nicolae_hell_entry_big_baal_hell,
          minmay_gold_behind_fungi, serial_bayou_shore_a
Zot:1:    layout_cathedral_of_symmetry
Zot:2:    layout_misc_corridors
Zot:3:    layout_twisted_circle
Zot:4:    evilmike_crystal_ball_defense, layout_onion_interference,
          guppyfry_library_mini
Zot:5:    layout_gridlike, lemuel_baited_zot_trap, bh_zot_ikea_curve

Skill      XL: |  1  2  3  4  5  6  7  8  9 10 11 12 13 14 15 16 17 18 19 20 21 22 23 24 25 26 27 |
---------------+----------------------------------------------------------------------------------+-----
Spellcasting   | 3 4 5 6 7 8 10 11 12 13 14 15 16 17 18 19 20 21 22 23 24 25 26 | 26.0
Fighting       | 1 2 3 4 5 6 7 8 10 11 12 13 14 15 18 20 25 | 25.0
Invocations    | 1 3 4 5 7 8 9 10 11 13 | 13.0
Armour         | 1 2 3 4 5 7 8 |  8.0
Dodging        | 3 4 6 7 8 9 10 11 12 13 15 16 | 16.0
Shields        | 2 4 5 7 8 9 10 11 12 13 14 15 | 15.0
Maces & Flails | 1 2 3 |  3.0
Short Blades   | 3 8 |  8.6
Stealth        | |  1.5

Action                     |  1- 3 |  4- 6 |  7- 9 | 10-12 | 13-15 | 16-18 | 19-21 | 22-24 | 25-27 || total
---------------------------+-------+-------+-------+-------+-------+-------+-------+-------+-------++-------
  Melee: Mace              |       |       |       |     7 |       |   104 |       |     4 |       ||   115
         Unarmed           |       |       |       |       |     4 |       |       |       |       ||     4
         Staff             |       |       |       |       |     8 |     1 |       |     1 |       ||    10
   Cast: Shock             |    78 |    74 |    44 |    26 |    18 |     3 |       |       |       ||   243
         Scorch            |       |    10 |    32 |     1 |    25 |     3 |     4 |    26 |     4 ||   105
         Airstrike         |       |       |    58 |   236 |   511 |   259 |    92 |   134 |   188 ||  1478
         Static Discharge  |       |       |     5 |     3 |    10 |       |       |       |       ||    18
         Vampiric Draining |       |       |     1 |    40 |   204 |    91 |       |       |       ||   336
         Sticky Flame      |       |       |       |       |    52 |    54 |     8 |    20 |     4 ||   138
         Blade Hands       |       |       |       |       |     1 |       |       |       |       ||     1
         Statue Form       |       |       |       |       |       |     7 |       |     2 |       ||     9
         Ozocubu's Refrige |       |       |       |       |       |   270 |   453 |   479 |   562 ||  1764
         Simulacrum        |       |       |       |       |       |       |    11 |    37 |    43 ||    91
         Monstrous Menager |       |       |       |       |       |       |     8 |    17 |     5 ||    30
         Summon Horrible T |       |       |       |       |       |       |       |    17 |     8 ||    25
         Polar Vortex      |       |       |       |       |       |       |       |       |    42 ||    42
         Shatter           |       |       |       |       |       |       |       |       |    94 ||    94
 Invoke: Slouch            |       |       |       |       |     5 |       |     1 |     4 |     5 ||    15
         Bend Time         |       |       |       |       |       |     2 |       |       |       ||     2
         Step From Time    |       |       |       |       |       |     2 |     1 |       |       ||     3
Ability: End Transformatio |       |       |       |       |       |     1 |       |       |       ||     1
  Evoke: Wand              |       |       |       |       |       |       |     2 |       |       ||     2
    Use: Scroll            |       |       |    17 |     7 |     2 |     4 |     1 |     3 |    31 ||    65
         Potion            |       |       |       |       |       |     1 |     1 |       |     5 ||     7
   Stab: Distracted        |       |       |       |     1 |       |       |       |       |       ||     1
         Sleeping          |       |       |       |       |     1 |     1 |       |       |       ||     2
 Armour: Robe              |     1 |     3 |       |     5 |     9 |       |       |       |       ||    18
         Leather armour    |       |       |     3 |     1 |       |       |       |       |       ||     4
         Troll leather arm |       |       |       |       |    36 |    23 |    22 |     3 |     6 ||    90
         Skin              |       |       |       |       |       |    56 |       |     3 |       ||    59
  Dodge: Dodged            |    13 |     9 |    17 |    28 |   272 |   592 |   131 |   131 |   160 ||  1353
  Block: Kite shield       |       |       |       |    18 |   269 |   475 |    72 |    96 |    87 ||  1017

Table legend: (Time is in decaauts)
 A = Elapsed time spent in this place.
 B = Non-inter-level travel time spent in this place.
 C = Inter-level travel time spent in this place.
 D = Time resting spent in this place.
 E = Time spent auto-exploring this place.
 F = Levels seen in this place.
 G = Mean time per level.
                   A        B        C        D        E       F      G
               +--------+--------+--------+--------+--------+-----+--------+
         Total | 107861 |  85829 |  22032 |  13216 |  45031 |  57 | 1892.3 |
       Dungeon |  30996 |  21412 |   9584 |   3110 |  13148 |  15 | 2066.4 |
        Temple |     16 |      3 |     13 |      0 |      0 |   1 |   16.0 |
          Lair |  14926 |  12474 |   2452 |   2572 |   6440 |   5 | 2985.2 |
         Swamp |   4638 |   4127 |    511 |    355 |   2962 |   4 | 1159.5 |
   Spider Nest |   6364 |   5616 |    748 |    805 |   2613 |   4 | 1591.0 |
    Slime Pits |   1920 |   1801 |    119 |    617 |    480 |   5 |  384.0 |
  Orcish Mines |   3229 |   2531 |    698 |    662 |   1517 |   2 | 1614.5 |
   Elven Halls |   7552 |   6168 |   1384 |   1217 |   2584 |   3 | 2517.3 |
        Vaults |  15150 |  11804 |   3346 |    800 |   5956 |   5 | 3030.0 |
        Depths |   9213 |   7497 |   1716 |    654 |   3856 |   4 | 2303.2 |
           Zot |  10718 |   9262 |   1456 |   1645 |   5375 |   5 | 2143.6 |
         Abyss |   1836 |   1836 |      0 |    486 |      0 |   2 |  918.0 |
        Bailey |    402 |    402 |      0 |     31 |     42 |   1 |  402.0 |
      Ice Cave |    894 |    894 |      0 |    262 |     58 |   1 |  894.0 |
               +--------+--------+--------+--------+--------+-----+--------+

Top non-repeatable levels by time:
  Lair:2: 4347 daAuts
  Lair:5: 3982 daAuts
     D:8: 3964 daAuts
Vaults:1: 3493 daAuts
Vaults:2: 3470 daAuts
     D:9: 3384 daAuts
   Zot:5: 3302 daAuts
Vaults:4: 3133 daAuts
    D:15: 3079 daAuts
Depths:4: 2935 daAuts
   Elf:3: 2896 daAuts
   Zot:1: 2745 daAuts
Depths:3: 2604 daAuts
Vaults:3: 2556 daAuts
    D:11: 2552 daAuts
